 Dungeon Crawl Stone Soup version 0.23.2-33-g5129a83184 (webtiles) character file.

Game seed: 14149176873958963180

13066 esteth the Grappler (level 11, -1/107 HPs)
             Began as a Troll Monk on June 29, 2019.
             Was a High Priest of Okawaru.
             Slain by a polar bear (3 damage)
             ... in an ice cave.
             The game lasted 00:19:22 (8567 turns).

esteth the Grappler (Troll Monk)                    Turns: 8567, Time: 00:19:23

Health: -1/107     AC:  8    Str: 25    XL:     11   Next: 70%
Magic:  6/13       EV: 16    Int:  9    God:    Okawaru [*****.]
Gold:   49         SH:  0    Dex: 13    Spells: 10/10 levels left

rFire    + + +     SeeInvis .     - Unarmed
rCold    + . .     Gourm    +   (no shield)
rNeg     + . .     Faith    .   I - +2 robe "Xaserghof" {rPois rF+ rN+ Int+3}
rPois    +         Spirit   .   (helmet restricted)
rElec    .         Reflect  .   B - scarf {rC+ rF+}
rCorr    .         Harm     .   (gloves unavailable)
MR       .....                  (boots unavailable)
Stlth    +++.......             w - amulet of regeneration
HPRegen  1.07/turn              D - ring of Avvaxat {EV+1 Str+2}
MPRegen  0.13/turn              t - ring of protection from fire

@: heroism, finesse
A: large, unfitting armour, claws 3, fast metabolism 3, gourmand, regeneration
1, shaggy fur 1, tough skin 3
a: Heroism, Finesse, Renounce Religion


You were in an ice cave.
You worshipped Okawaru.
Okawaru was extremely pleased with you.
You were completely stuffed.

You visited 2 branches of the dungeon, and saw 12 of its levels.
You also visited: Sewer and Ice Cave.

You collected 628 gold pieces.
You spent 579 gold pieces at shops.

Inventory:

Missiles
 z - 14 large rocks (quivered)
Armour
 a - a +0 robe
 B - a scarf of resistance (worn)
 I - the +2 robe "Xaserghof" (worn) {rPois rF+ rN+ Int+3}
   (You found it on level 10 of the Dungeon)

   It affects your intelligence (+3).
   It protects you from fire.
   It protects you from poison.
   It protects you from negative energy.
Jewellery
 i - an uncursed ring of wizardry
 t - a ring of protection from fire (right claw)
 w - an amulet of regeneration (around neck)
 D - the ring of Avvaxat (left claw) {EV+1 Str+2}
   (You found it on level 9 of the Dungeon)

   [ring of evasion]

   It affects your evasion (+1).
   It affects your strength (+2).
Wands
 e - a wand of digging (7)
 C - a wand of polymorph (7)
 G - a wand of paralysis (12)
Scrolls
 c - 3 scrolls of remove curse
 d - 5 scrolls of amnesia {unknown}
 f - 2 scrolls of blinking
 h - 2 scrolls of immolation {unknown}
 k - 3 scrolls of fear {unknown}
 o - 2 scrolls of holy word {unknown}
 p - 3 scrolls of teleportation
 r - 5 scrolls of identify
 s - a scroll of magic mapping {unknown}
 v - a scroll of fog {unknown}
 y - 2 scrolls of noise {unknown}
 E - a scroll of torment {unknown}
 F - a scroll of random uselessness {unknown}
 H - a scroll of silence {unknown}
Potions
 g - 2 potions of might {unknown}
 j - 2 potions of cancellation {unknown}
 l - 2 potions of lignification {unknown}
 m - 4 potions of mutation {unknown}
 n - 2 potions of agility {unknown}
 q - 2 potions of magic {unknown}
 u - a potion of invisibility {unknown}
 x - a potion of brilliance {unknown}
 A - a potion of haste {unknown}
 K - 3 potions of flight {unknown}
 L - 2 potions of resistance {unknown}
 M - 2 potions of heal wounds {unknown}
Comestibles
 b - 18 rations
 J - 7 chunks of flesh


   Skills:
 - Level 6.4(11.4) Fighting
 + Level 5.3(10.3) Throwing
 - Level 5.0(10.0) Armour
 + Level 4.1(9.1) Dodging
 - Level 1.0(6.0) Stealth
 * Level 13.7(18.7) Unarmed Combat
 - Level 4.4 Invocations


You had 10 spell levels left.
You didn't know any spells.
Your spell library was empty.

Dungeon Overview and Level Annotations

Branches:
Dungeon (10/15)            Temple (1/1) D:4            Lair (0/6) D:9
    Orc: D:9-12

Altars:
Ashenzari
Cheibriados
Dithmenos
Elyvilon
Fedhas
Gozag
Hepliaklqana
Kikubaaqudgha
Makhleb
Nemelex Xobeh
Okawaru
Qazlal
Ru
Sif Muna
Trog
Uskayaw
Vehumet
Wu Jian
Xom
Yredelemnul
Zin
The Shining One

Shops:
D:8 =   D:12 ?


Innate Abilities, Weirdness & Mutations

You are too large for most types of armour.
You have claws for hands.
Your metabolism is lightning-fast.
You like to eat raw meat.
Your natural rate of healing is unusually fast.
You are covered in fur. (AC +1)
You have extremely tough skin. (AC +3)


Message History

The polar bear claws you but does no damage. x2
The polar bear bites you!
* * * LOW HITPOINT WARNING * * *
The polar bear claws you.
* * * LOW HITPOINT WARNING * * *
The polar bear claws you.
* * * LOW HITPOINT WARNING * * *
You gain the combat prowess of a mighty hero.
The polar bear bites you but does no damage.
The polar bear misses you. The polar bear completely misses you.
You claw the polar bear!
The polar bear is almost dead.
The polar bear completely misses you. The polar bear barely misses you.
The polar bear claws you.
* * * LOW HITPOINT WARNING * * *
You can now deal lightning-fast blows.
The polar bear bites you!
* * * LOW HITPOINT WARNING * * *
The polar bear claws you.
You die...

###..h.# ###...h###
###....### #....###
#..### ##..####
##.÷.÷#### ##......###
####.#hh@## #####..##
##..### ###....##
###.......# ###
###.......### #.###
##........## #####...#
#.......#######.......##
#.......###.......###...


You could see 2 polar bears.

Vanquished Creatures
  Josephine (D:10)
  3 two-headed ogres
  An unseen horror (D:10)
  An ice statue (IceCv)
  7 polar bears (IceCv)
  A troll (D:9)
  Prince Ribbit (D:7)
  A hippogriff (D:7)
  A spriggan (D:9)
  3 wraiths (D:10)
  4 yaks (IceCv)
  Menkaure (D:7)
  A water moccasin (D:7)
  Duvessa (D:6)
  A hornet zombie (D:9)
  3 porcupines (D:9)
  A black bear (D:6)
  5 orc warriors
  Purgy (Sewer)
  An ice beast (D:8)
  2 phantoms
  9 wolves (IceCv)
  11 ogres
  3 centaurs
  3 big kobolds
  8 bullfrogs
  A water moccasin zombie (D:12)
  A wyvern zombie (D:8)
  Dowan (D:6)
  2 scorpions
  3 killer bees (D:9)
  9 wights
  2 howler monkeys
  A crimson imp (D:6)
  A quasit (D:9)
  2 bullfrog zombies
  2 centaur skeletons
  2 jellies
  4 orc priests
  2 bullfrog skeletons
  9 hounds
  3 iguanas
  9 orc wizards
  8 worker ants
  A hound skeleton (D:4)
  A howler monkey zombie (D:8)
  A worker ant zombie (D:7)
  4 gnolls (D:7)
  7 adders
  A shadow imp (D:5)
  4 worms (D:4)
  A leopard gecko (D:4)
  29 orcs
  2 ball pythons
  5 giant cockroaches
  8 goblins
  7 hobgoblins
  11 jackals
  22 kobolds
  4 quokkas
  4 bats
  3 frilled lizards
  A quokka skeleton (D:5)
  A rat (D:1)
254 creatures vanquished.

Notes
Turn   | Place    | Note
-------+----------+-------------------------------------------
     0 | D:1      | esteth the Troll Monk began the quest for the Orb.
     0 | D:1      | Reached XP level 1. HP: 22/22 MP: 0/0
   452 | D:1      | Reached XP level 2. HP: 29/29 MP: 1/1
   558 | D:3      | Noticed an ogre
   569 | D:3      | Killed an ogre
   569 | D:3      | Reached skill level 5 in Unarmed Combat
   569 | D:3      | Reached XP level 3. HP: 14/36 MP: 2/2
   569 | D:3      | Reached XP level 4. HP: 18/44 MP: 3/3
   777 | D:3      | Noticed a centaur
   784 | D:3      | Killed a centaur
   784 | D:3      | Reached skill level 6 in Unarmed Combat
   784 | D:3      | Reached XP level 5. HP: 5/50 MP: 4/4
   992 | D:4      | Found a sacrificial altar of Ru.
  1186 | D:4      | Noticed a phantom
  1197 | D:4      | Killed a phantom
  1197 | D:4      | Reached XP level 6. HP: 59/59 MP: 5/5
  1215 | D:4      | Found a glowing drain.
  1275 | Sewer    | Entered a sewer
  1342 | Sewer    | Noticed Purgy
  1352 | Sewer    | Killed Purgy
  1352 | Sewer    | Reached skill level 7 in Unarmed Combat
  1439 | D:4      | Found a staircase to the Ecumenical Temple.
  1445 | Temple   | Entered the Ecumenical Temple
  1662 | Temple   | Became a worshipper of Warmaster Okawaru
  1662 | Temple   | Reached * piety under Okawaru
  1662 | Temple   | Reached ** piety under Okawaru
  2014 | D:4      | Reached XP level 7. HP: 39/66 MP: 6/6
  2064 | D:4      | Reached skill level 1 in Invocations
  2145 | D:4      | Reached skill level 1 in Armour
  2584 | D:5      | Entered Level 5 of the Dungeon
  2601 | D:5      | Reached skill level 8 in Unarmed Combat
  2709 | D:5      | Found a blossoming altar of Fedhas.
  3203 | D:6      | Reached *** piety under Okawaru
  3241 | D:6      | Reached XP level 8. HP: 16/75 MP: 8/8
  3249 | D:6      | HP: 3/75 [something/magic dart (7)]
  3425 | D:6      | Found a sparkling altar of Nemelex Xobeh.
  3467 | D:6      | Reached skill level 9 in Unarmed Combat
  3597 | D:6      | Noticed Duvessa
  3598 | D:6      | Noticed Dowan
  3625 | D:6      | Killed Dowan
  3628 | D:6      | Killed Duvessa
  3676 | D:6      | Reached **** piety under Okawaru
  4123 | D:6      | Reached XP level 9. HP: 81/85 MP: 9/9
  4239 | D:7      | Reached skill level 10 in Unarmed Combat
  4435 | D:7      | Noticed Prince Ribbit
  4445 | D:7      | Killed Prince Ribbit
  4445 | D:7      | Reached skill level 5 in Fighting
  4750 | D:7      | Reached skill level 11 in Unarmed Combat
  4789 | D:7      | Noticed a two-headed ogre
  4796 | D:7      | Killed a two-headed ogre
  4796 | D:7      | Received a gift from Okawaru
  4796 | D:7      | Reached ***** piety under Okawaru
  4796 | D:7      | Reached skill level 5 in Armour
  4796 | D:7      | Reached XP level 10. HP: 70/98 MP: 7/10
  5092 | D:7      | Noticed Menkaure
  5102 | D:7      | Killed Menkaure
  5572 | D:8      | Reached skill level 1 in Throwing
  5778 | D:8      | Found a sacrificial altar of Ru.
  5997 | D:8      | Found Zaenyhur's Jewellery Shoppe.
  6000 | D:8      | Bought an uncursed amulet of regeneration for 390 gold
                  | pieces
  6005 | D:8      | Noticed a two-headed ogre
  6013 | D:8      | Killed a two-headed ogre
  6108 | D:8      | Received a gift from Okawaru
  6108 | D:8      | Reached skill level 12 in Unarmed Combat
  6160 | D:8      | Found a hazy altar of Hepliaklqana.
  6160 | D:8      | Found a deep blue altar of Sif Muna.
  6668 | D:9      | Got a smoking granite ring
  6669 | D:9      | Identified the ring of Avvaxat {EV+1 Str+2} (You found it
                  | on level 9 of the Dungeon)
  6980 | D:9      | Found a staircase to the Lair.
  7097 | D:9      | Noticed a two-headed ogre
  7103 | D:9      | Killed a two-headed ogre
  7141 | D:9      | Reached XP level 11. HP: 86/107 MP: 13/13
  7421 | D:10     | Entered Level 10 of the Dungeon
  7565 | D:10     | Got a smoking robe
  7566 | D:10     | Identified the +2 robe "Xaserghof" {rPois rF+ rN+ Int+3}
                  | (You found it on level 10 of the Dungeon)
  7806 | D:10     | Noticed Josephine
  7826 | D:10     | Killed Josephine
  7826 | D:10     | Reached skill level 13 in Unarmed Combat
  7886 | D:10     | Killed an unseen horror
  7945 | D:10     | You fall through a shaft for 2 floors!
  7945 | D:12     | Found a frozen archway.
  7945 | D:12     | Found Yteil's Magic Scroll Shop.
  7956 | D:12     | Bought a scroll of blinking for 135 gold pieces
  7956 | D:12     | Bought a scroll of teleportation for 54 gold pieces
  7962 | IceCv    | Entered an ice cave
  8100 | IceCv    | Received a gift from Okawaru
  8186 | IceCv    | Received a gift from Okawaru
  8325 | IceCv    | Reached skill level 5 in Throwing
  8362 | IceCv    | Received a gift from Okawaru
  8567 | IceCv    | HP: 2/107 [polar bear (14)]
  8567 | IceCv    | Slain by a polar bear

Skill      XL: |  1  2  3  4  5  6  7  8  9 10 11 |
---------------+----------------------------------+-----
Unarmed Combat | 5 6 7 8 9 11 12 13 | 13.7
Invocations    | 2 4 |  4.4
Armour         | 2 3 5 |  5.0
Fighting       | 3 4 5 6 |  6.4
Throwing       | 3 5 |  5.3
Dodging        | 4 |  4.1
Stealth        | |  1.0

Action                   |  1- 3 |  4- 6 |  7- 9 | 10-12 || total
-------------------------+-------+-------+-------+-------++-------
Melee: Unarmed           |    34 |    95 |   297 |   316 ||   742
       Punch             |     2 |       |    16 |    22 ||    40
Invok: Heroism           |       |       |     5 |     5 ||    10
       Finesse           |       |       |       |     2 ||     2
  Use: Potion            |       |       |     5 |       ||     5
       Scroll            |       |       |       |     3 ||     3
 Stab: Sleeping          |       |     2 |     4 |     3 ||     9
  Eat: Chunk             |     5 |    19 |    26 |    34 ||    84
Armor: Robe              |    19 |    42 |    63 |   108 ||   232
Dodge: Dodged            |    29 |    59 |   119 |   189 ||   396
